 Dungeon Crawl Stone Soup version 0.29-a0-648-g6b26cc9f40 (webtiles) character file.

Game seed: 13281097733203256037

355 Bruhh the Insei (level 6, -1/51 HPs)
             Began as a Demigod Transmuter on June 20, 2022.
             Shot with an arrow by a centaur (4 damage)
             ... on level 5 of the Dungeon.
             The game lasted 00:04:09 (5530 turns).

Bruhh the Insei (Demigod Transmuter)                Turns: 5530, Time: 00:04:10

Health: -1/51      AC:  4    Str: 11    XL:     6   Next: 13%
Magic:  14/14      EV: 12    Int: 23    God:
Gold:   289        SH:  0    Dex: 14    Spells: 7/11 levels left

rFire   + . .      SeeInvis .     - Unarmed
rCold   x . .      Faith    .   (no shield)
rNeg    . . .      Spirit   .   a - +0 robe
rPois   .          Reflect  .   (helmet currently unavailable)
rElec   .          Harm     .   (no cloak)
rCorr   .          Rampage  .   h - +1 pair of gloves
Will    .....                   (boots currently unavailable)
Stlth   +.........              (no amulet)
HPRegen 0.17/turn               k - ring of fire
MPRegen 0.14/turn               (no ring)

@: appendages, studying Short Blades
A: horns 2, talons 2, high MP 1, forlorn, divine attributes
a: End Transformation


You were on level 5 of the Dungeon.
You had temporarily grown beastly horns and talons.
You visited 1 branch of the dungeon, and saw 5 of its levels.

You collected 289 gold pieces.

Inventory:

Armour
 a - a +0 robe (worn)
 e - a +0 buckler
 h - a +1 pair of gloves (worn)
Jewellery
 k - a ring of fire (left hand)
Scrolls
 f - a scroll of poison
 i - a scroll of amnesia
 m - a scroll of immolation
 r - a scroll of noise
Potions
 b - a potion of lignification
 c - a potion of haste
 d - a potion of berserk rage {unknown}
 p - 2 potions of attraction
 q - a potion of ambrosia {unknown}
 s - a potion of curing {unknown}


   Skills:
 + Level 3.1 Fighting
 - Level 1.7 Dodging
 + Level 4.1 Unarmed Combat
 + Level 3.3 Spellcasting
 - Level 3.0 Transmutations


You had 7 spell levels left.
You knew the following spells:

 Your Spells              Type           Power      Damage    Failure   Level
a - Beastly Appendage     Tmut           34%        N/A       3%          1
b - Spider Form           Tmut/Pois      10%        N/A       19%         3

Your spell library contained the following spells:

 Spells                   Type           Power      Damage    Failure   Level
 Wereblood                Tmut           17%        N/A       4%          2
 Call Canine Familiar     Summ           3%         N/A       32%         3
 Dazzling Flash           Conj/Hex       6%         N/A       32%         3
 Portal Projectile        Hex/Tloc       6%         N/A       32%         3
 Tukima's Dance           Hex            3%         N/A       32%         3
 Ice Form                 Ice/Tmut       10%        N/A       52%         4
 Blade Hands              Tmut           8%         N/A       65%         5
 Iskenderun's Mystic Bla  Conj/Tloc      3%         2d3       73%         4
 Leda's Liquefaction      Hex/Erth       1%         N/A       73%         4
 Starburst                Conj/Fire      2%         6d3       100%        6


Dungeon Overview and Level Annotations

Branches:
Dungeon (5/15)             Temple (0/1) D:4


Innate Abilities, Weirdness & Mutations

You have temporarily grown beastly horns and talons.
You have an increased reservoir of magic. (+10% MP)
You shall have no god before yourself.
Your divine heritage dramatically boosts your attributes as you level up.


Message History

You hear a bark!
Really read the scroll of poison?
The air fills with toxic fumes!
As you read the scroll of poison, it crumbles to dust.
An ice beast comes into view.
The black bear barely misses you. The black bear claws you. x2
The centaur shoots an arrow.
The arrow closely misses you. The black bear closely misses you.
The black bear barely misses you. x2
The centaur shoots an arrow.
The arrow hits you!
Unknown command.
The black bear closely misses you. The black bear claws you. x2
The centaur shoots an arrow.
The arrow barely misses you.
Unknown command.
The centaur shoots an arrow.
The arrow closely misses you.
The iguana is engulfed in poison gas.
The iguana is poisoned.
The black bear bites you. The black bear barely misses you.
The black bear claws you.
The centaur shoots an arrow.
The arrow hits you.
As you read the scroll labelled REFUPE HUHYAFU, it crumbles to dust.
It is a scroll of enchant weapon.
You aren't carrying any weapons that can be enchanted.
The iguana is engulfed in poison gas.
The iguana looks even sicker.
The black bear bites you but does no damage.
The black bear misses you. The black bear claws you.
The centaur shoots an arrow.
The arrow hits you.
* * * LOW HITPOINT WARNING * * *
As you read the scroll labelled NUFRAM SUEF, it crumbles to dust.
Your body is wracked with pain!
* * * LOW HITPOINT WARNING * * *
The black bear convulses!
The iguana convulses!
The ice beast convulses!
The orc convulses!
The centaur convulses!
It was a scroll of torment.
The orc is engulfed in poison gas.
The orc is poisoned.
The iguana is engulfed in poison gas.
The iguana looks even sicker.
You kill the iguana!
The black bear bites you.
* * * LOW HITPOINT WARNING * * *
The black bear claws you.
* * * LOW HITPOINT WARNING * * *
The black bear claws you but does no damage.
The centaur shoots an arrow.
The arrow hits you.
You die...

##.# §# §§☼§§ #.# .§#
.§§§§ #.. .§§ ##§☼c
####.. #§##§§§##
#####....# §
#§§§§§§.####....#####
§§§#§§§§§.§§##§..### #
§§§o§§§§#§§☼§§§.##
#§Yh@§§§§§§§.##
#§§§§§§§☼§§☼..## #
###§###§§###...######
.☼§..#.§# ##........
#☼8§8.#.## #.....<..
.§§§8.....####........
.§#§8§8.#...##..##.....
☼##§§§..#.....#####....
###.###......## #....


You could see a black bear, an ice beast, a centaur and an orc (poisoned).

Vanquished Creatures
  An ice beast (D:5)
  A centaur (D:4)
  2 hounds
  A jelly (D:4)
  An iguana (D:5)
  A gnoll (D:4)
  2 adders
  2 dart slugs (D:2)
  An orc (D:4)
  5 bats
  7 endoplasms
  5 giant cockroaches
  6 goblins
  7 hobgoblins
  3 jackals (D:2)
  5 kobolds
  5 quokkas
  5 ball pythons
  A frilled lizard (D:2)
  A rat (D:1)
62 creatures vanquished.

Notes
Turn   | Place    | Note
-------+----------+-------------------------------------------
     0 | D:1      | Bruhh the Demigod Transmuter began the quest for the Orb.
     0 | D:1      | Reached XP level 1. HP: 15/15 MP: 5/5
    42 | D:1      | Reached skill level 1 in Fighting
   419 | D:1      | Reached XP level 2. HP: 11/23 MP: 5/7
  1519 | D:2      | Reached skill level 3 in Unarmed Combat
  2070 | D:2      | Reached XP level 3. HP: 26/28 MP: 6/8
  2107 | D:2      | Learned a level 3 spell: Spider Form
  3616 | D:4      | Noticed a centaur
  3635 | D:4      | Killed a centaur
  3636 | D:4      | Reached XP level 4. HP: 13/36 MP: 10/10
  3654 | D:4      | HP: 2/54 [gnoll/+0 halberd (9)]
  3658 | D:4      | Reached XP level 5. HP: 3/42 MP: 12/12
  4079 | D:4      | Found a staircase to the Ecumenical Temple.
  5006 | D:5      | Entered Level 5 of the Dungeon
  5086 | D:5      | Noticed an ice beast
  5101 | D:5      | HP: 2/42 [ice beast (12)]
  5103 | D:5      | Killed an ice beast
  5104 | D:5      | Reached skill level 4 in Unarmed Combat
  5104 | D:5      | Reached XP level 6. HP: 3/51 MP: 10/13
  5530 | D:5      | Shot with an arrow by a centaur

Illustrated notes

Levels and vault maps discovered:
D:1:      saegor_arrival_simple_d, layout_loops_ring,
          nicolae_ecumenical_lake_church
D:2:      layout_basic, chequers_jeans, st_stairs_10
D:3:      layout_rooms
D:4:      layout_loops_cross, minmay_temple_entry_statues_pillars,
          minmay_manual_maat
D:5:      layout_layer_cave, minmay_chambers_of_fives, uniq_pikel

Skill      XL: |  1  2  3  4  5 |
---------------+----------------+-----
Fighting       | 1 2 3 |  3.1
Transmutations | 2 3 |  3.0
Spellcasting   | 2 3 |  3.3
Unarmed Combat | 3 4 |  4.1
Dodging        | |  1.7

Action                   |  1- 3 |  4- 6 || total
-------------------------+-------+-------++-------
Melee: Unarmed           |   145 |    57 ||   202
       Kick              |    22 |     6 ||    28
       Headbutt          |    12 |     7 ||    19
       Punch             |     2 |       ||     2
 Cast: Beastly Appendage |    44 |    12 ||    56
       Spider Form       |       |     1 ||     1
  Use: Scroll            |     2 |     9 ||    11
       Potion            |     2 |     3 ||     5
 Stab: Sleeping          |     2 |     1 ||     3
Armor: Robe              |    31 |    12 ||    43
       Skin              |    22 |    17 ||    39
Dodge: Dodged            |   108 |    39 ||   147
Block: Buckler           |     5 |       ||     5

Table legend: (Time is in decaauts)
 A = Elapsed time spent in this place.
 B = Non-inter-level travel time spent in this place.
 C = Inter-level travel time spent in this place.
 D = Time resting spent in this place.
 E = Time spent auto-exploring this place.
 F = Levels seen in this place.
 G = Mean time per level.
                   A        B        C        D        E       F      G
               +--------+--------+--------+--------+--------+-----+--------+
         Total |   5522 |   5329 |    193 |    122 |   4613 |   5 | 1104.4 |
       Dungeon |   5522 |   5329 |    193 |    122 |   4613 |   5 | 1104.4 |
               +--------+--------+--------+--------+--------+-----+--------+

Top non-repeatable levels by time:
     D:4: 1594 daAuts
     D:1: 1495 daAuts
     D:2: 1462 daAuts
     D:5: 522 daAuts
     D:3: 447 daAuts
